 Dungeon Crawl Stone Soup version 0.28-a0-390-gb254ac4902 (webtiles) character file.

Game seed: 9249178512312275441

835 hawla the Chopper (level 7, -2/60 HPs)
             Began as a Minotaur Gladiator on Sept 4, 2021.
             Slain by a killer bee (5 damage)
             ... on level 5 of the Dungeon.
             The game lasted 00:08:21 (4163 turns).

hawla the Chopper (Minotaur Gladiator)              Turns: 4163, Time: 00:08:21

Health: -2/60      AC: 10    Str: 26    XL:     7   Next: 66%
Magic:  7/7        EV: 10    Int:  5    God:
Gold:   265        SH:  0    Dex: 12    Spells: 5/8 levels left

rFire   . . .      SeeInvis .   a - +0 war axe
rCold   . . .      Faith    .   (no shield)
rNeg    . . .      Spirit   .   j - +0 chain mail
rPois   .          Reflect  .   h - +1 hat
rElec   .          Harm     .   (no cloak)
rCorr   .          Rampage  .   (no gloves)
Will    .....                   (no boots)
Stlth   ..........              (no amulet)
HPRegen 0.20/turn               e - +6 ring of strength
MPRegen 0.10/turn               (no ring)

@: confused, brilliant, lethally poisoned (-2 -> -29), ambrosia-drunk,
attractive
A: horns 2, retaliatory headbutt
a: no special abilities


You were on level 5 of the Dungeon.
You visited 1 branch of the dungeon, and saw 5 of its levels.

You collected 265 gold pieces.

Inventory:

Hand Weapons
 a - a +0 war axe (weapon)
 b - a +2 whip of distortion
Missiles
 g - 20 poisoned darts (quivered)
Armour
 h - a +1 hat (worn)
 j - a +0 chain mail (worn)
Jewellery
 e - a +6 ring of strength (left hand)
 i - a +6 ring of intelligence
 m - a ring of poison resistance
Wands
 f - a wand of polymorph (5)
Scrolls
 k - a scroll of enchant weapon
 l - 2 scrolls of identify {unknown}
Potions
 c - a potion of cancellation
 n - a potion of attraction
 p - a potion of might {unknown}


   Skills:
 + Level 4.5 Fighting
 + Level 7.4 Axes
 + Level 3.1 Throwing
 + Level 3.7 Armour
 + Level 4.2 Dodging
 + Level 0.7 Stealth
 * Level 1.3 Spellcasting
 * Level 1.1 Necromancy


You had 5 spell levels left.
You knew the following spells:

 Your Spells              Type           Power      Damage    Failure   Level
a - Vampiric Draining     Necr           1%         2d6       99%         3

Your spell library contained the following spells:

 Spells                   Type           Power      Damage    Failure   Level
 Animate Skeleton         Necr           4%         N/A       88%         1
 Pain                     Necr           8%         1d4       88%         1
 Gell's Gravitas          Tloc           0%         N/A       100%        3
 Lesser Beckoning         Tloc           0%         N/A       100%        3
 Ozocubu's Armour         Ice            0%         N/A       100%        3
 Teleport Other           Tloc           0%         N/A       100%        3
 Metabolic Englaciation   Hex/Ice        0%         N/A       100%        5
 Simulacrum               Ice/Necr       0%         N/A       100%        6


Dungeon Overview and Level Annotations

Branches:
Dungeon (5/15)
 Temple: D:4-7

Altars:
Dithmenos
Kikubaaqudgha
Nemelex Xobeh
Wu Jian
The Shining One

Annotations:
D:5 1 runed translucent door, CraigForest's ghost, weakling GrDe


Innate Abilities, Weirdness & Mutations

You have a pair of horns on your head.
You reflexively headbutt those who attack you in melee.


Message History

You miss the killer bee. x2
You feel very sick.
The killer bee stings you but does no damage.
The killer bee stings you. The killer bee closely misses you.
The killer bee barely misses you.
The killer bee stings you but does no damage.
The killer bee stings you.
You barely miss the killer bee. Your headbutt misses the killer bee.
The killer bee is lightly wounded.
You hit the killer bee but do no damage.
You completely miss the killer bee.
You feel sick.
The killer bee barely misses you. x2; The killer bee stings you.
The killer bee stings you!
* * * LOW HITPOINT WARNING * * *
The killer bee stings you but does no damage.
The killer bee barely misses you.
It was a potion of attraction.
You feel attractive to monsters.
You feel sick.
The killer bee stings you but does no damage. x2
The killer bee stings you!
* * * LOW HITPOINT WARNING * * *
You are lethally poisoned!
The killer bee poisons you! The killer bee stings you.
* * * LOW HITPOINT WARNING * * *
You are more poisoned.
The killer bee poisons you! The killer bee misses you.
The killer bee stings you but does no damage.
It was a potion of brilliance.
You feel clever all of a sudden.
* * * LOW HITPOINT WARNING * * *
You feel very sick.
The killer bee stings you but does no damage.
The killer bee stings you.
* * * LOW HITPOINT WARNING * * *
You are more poisoned.
The killer bee poisons you! The killer bee stings you.
* * * LOW HITPOINT WARNING * * *
The killer bee closely misses you. The killer bee stings you.
You die...

...........##...)..##.....#
.............##.....#.....#
..........##..#...........#
#############.)#..#...<...#
### ################# #..
##(.$# #.(......######.#
#(....##...#......##....
!.....y#...##.....##....
.....yy@[..##......#....
$.....y#...####.........
#$....##...# ######....
##$.$# #...# #...# ####
#...# #.... #...# #....
#...+ #...# #...# #...#
#...# #....


You could see 4 killer bees.

Vanquished Creatures
  Eustachio (D:4)
  An ogre (D:4)
  A kobold brigand (D:5)
  2 scorpions
  A water moccasin skeleton (D:5)
  An orc priest (D:3)
  A bullfrog skeleton (D:5)
  A hound (D:5)
  A jelly (D:5)
  An iguana (D:4)
  A hound skeleton (D:5)
  A howler monkey zombie (D:5)
  4 gnolls (D:2)
  7 adders
  An ufetubus (D:5)
  2 worms (D:4)
  A dart slug (D:2)
  6 orcs (D:3)
  6 ball pythons
  2 bats
  6 endoplasms
  2 giant cockroaches
  9 goblins
  5 hobgoblins
  6 quokkas
  7 frilled lizards
  10 kobolds
  9 rats
96 creatures vanquished.

Vanquished Creatures (others)
  2 withered plants (D:4)
2 creatures vanquished.

Grand Total: 98 creatures vanquished

Notes
Turn   | Place    | Note
-------+----------+-------------------------------------------
     0 | D:1      | hawla the Minotaur Gladiator began the quest for the Orb.
     0 | D:1      | Reached XP level 1. HP: 18/18 MP: 0/0
    46 | D:1      | Reached skill level 4 in Axes
    46 | D:1      | Reached XP level 2. HP: 25/25 MP: 1/1
   375 | D:2      | Reached XP level 3. HP: 25/30 MP: 2/2
   541 | D:2      | Found a faded altar of an unknown god.
  1147 | D:3      | Reached skill level 1 in Armour
  1430 | D:3      | Reached XP level 4. HP: 38/38 MP: 3/3
  1573 | D:3      | Found a shadowy altar of Dithmenos.
  1585 | D:3      | Found an ornate altar of the Wu Jian Council.
  1612 | D:3      | Reached skill level 5 in Axes
  2223 | D:3      | Found a glowing golden altar of the Shining One.
  2278 | D:2      | Reached XP level 5. HP: 42/45 MP: 4/4
  2415 | D:2      | Found a shadowy altar of Dithmenos.
  2728 | D:4      | Noticed an ogre
  2763 | D:4      | Killed an ogre
  2878 | D:4      | Noticed Eustachio
  2900 | D:4      | Killed Eustachio
  2901 | D:4      | Reached skill level 6 in Axes
  2901 | D:4      | Reached XP level 6. HP: 29/52 MP: 5/5
  3157 | D:4      | Learned a level 3 spell: Vampiric Draining
  3190 | D:4      | Found an ancient bone altar of Kikubaaqudgha.
  3443 | D:4      | Reached XP level 7. HP: 52/59 MP: 6/6
  3491 | D:4      | Found a sparkling altar of Nemelex Xobeh.
  3594 | D:5      | Entered Level 5 of the Dungeon
  3646 | D:5      | Reached skill level 7 in Axes
  3646 | D:5      | Reached skill level 1 in Spellcasting
  3856 | D:5      | Reached skill level 1 in Necromancy
  3972 | D:5      | Found a runed translucent door.
  3972 | D:5      | Noticed CraigForest's ghost (weakling GrDe)
  4163 | D:5      | HP: 3/60 [killer bee (1)]
  4163 | D:5      | Slain by a killer bee

Illustrated notes

Levels and vault maps discovered:
D:1:      scummos_arrival_star, layout_rooms, serial_forest,
          infiniplex_forest_straight_4, infiniplex_forest_clump_tiny,
          infiniplex_forest_end_2, infiniplex_forest_fountain
D:2:      layout_loops_cross, shapermc_ecumenical_altar_notcrosses, basic_altar
D:3:      layout_basic, mainiacjoe_overflow_swirl, nzn_wu_jian_council_hall,
          kennysheep_generic_room_15
D:4:      layout_rooms, kiku_gazebo_garden_becter, nemelex_spade_bored_becter,
          minmay_misc_feat_doors, minmay_misc_feat_room, minivault_26,
          columned_hall_lemuel, uniq_eustachio
D:5:      minmay_opposing_rooms, layout_rooms, ebering_ghost_sewer_d

Skill      XL: |  1  2  3  4  5  6  7 |
---------------+----------------------+-----
Axes           | 4 5 6 7 |  7.4
Fighting       | 3 4 |  4.5
Armour         | 1 3 |  3.7
Dodging        | 4 |  4.2
Throwing       | 3 |  3.1
Spellcasting   | 1 |  1.3
Necromancy     | 1 |  1.1
Stealth        | |  0.7

Action                   |  1- 3 |  4- 6 |  7- 9 || total
-------------------------+-------+-------+-------++-------
Melee: War axe           |    62 |    73 |    28 ||   163
       Headbutt          |     9 |    12 |     5 ||    26
Throw: Throwing net      |     3 |     1 |       ||     4
       Dart              |       |    18 |       ||    18
  Use: Scroll            |     1 |     1 |       ||     2
       Potion            |     2 |     2 |     3 ||     7
Armor: Leather armour    |    17 |     2 |       ||    19
       Scale mail        |       |     8 |       ||     8
       Chain mail        |       |    33 |    31 ||    64
Dodge: Dodged            |    46 |    45 |    36 ||   127

Table legend: (Time is in decaauts)
 A = Elapsed time spent in this place.
 B = Non-inter-level travel time spent in this place.
 C = Inter-level travel time spent in this place.
 D = Time resting spent in this place.
 E = Time spent auto-exploring this place.
 F = Levels seen in this place.
 G = Mean time per level.
                   A        B        C        D        E       F      G
               +--------+--------+--------+--------+--------+-----+--------+
         Total |   4182 |   3985 |    197 |      0 |   3386 |   5 |  836.4 |
       Dungeon |   4182 |   3985 |    197 |      0 |   3386 |   5 |  836.4 |
               +--------+--------+--------+--------+--------+-----+--------+

Top non-repeatable levels by time:
     D:3: 1182 daAuts
     D:2: 1090 daAuts
     D:4: 964 daAuts
     D:5: 573 daAuts
     D:1: 371 daAuts
